Workbook

Sheet Assumptions
A1: FORECIX · Sales Forecast | F1: sheetorial.com
A3: Forecast assumptions
A4: Starting units, price and monthly growth per product. Forecast builds 12 months from here.
A6: First month | B6: 46388 | C6: Price change per year | D6: 0.03
A9: Product | B9: Units month 1 | C9: Unit price | D9: Monthly growth | E9: Year-1 units | F9: Year-1 revenue
A10: Starter plan | B10: 120 | C10: 19 | D10: 0.03 | E10: =IF($A10="","",Forecast!$O$11) | F10: =IF($A10="","",Forecast!$O$12)
A11: Pro plan | B11: 45 | C11: 49 | D11: 0.04 | E11: =IF($A11="","",Forecast!$O$13) | F11: =IF($A11="","",Forecast!$O$14)
A12: Team plan | B12: 12 | C12: 149 | D12: 0.05 | E12: =IF($A12="","",Forecast!$O$15) | F12: =IF($A12="","",Forecast!$O$16)
A13: Onboarding service | B13: 8 | C13: 300 | D13: 0.02 | E13: =IF($A13="","",Forecast!$O$17) | F13: =IF($A13="","",Forecast!$O$18)
A14: Add-on storage | B14: 60 | C14: 5 | D14: 0.03 | E14: =IF($A14="","",Forecast!$O$19) | F14: =IF($A14="","",Forecast!$O$20)
E15: =IF($A15="","",Forecast!$O$21) | F15: =IF($A15="","",Forecast!$O$22)
E16: =IF($A16="","",Forecast!$O$23) | F16: =IF($A16="","",Forecast!$O$24)
E17: =IF($A17="","",Forecast!$O$25) | F17: =IF($A17="","",Forecast!$O$26)
A19: Growth above 10% a month is shaded: double-check it is realistic for your history.

Sheet Forecast
A1: FORECIX · Sales Forecast | O1: sheetorial.com
A3: 12-month sales forecast
A4: Units grow by the monthly rate; revenue = units x price. Nothing to type here.
A6: Forecast revenue | B6: =SUM($O$27)
A9: Product | B9: Line | C9: M1 | D9: M2 | E9: M3 | F9: M4 | G9: M5 | H9: M6 | I9: M7 | J9: M8 | K9: M9 | L9: M10 | M9: M11 | N9: M12 | O9: Total
A10: Month | C10: =DATE(YEAR(Assumptions!$B$6),MONTH(Assumptions!$B$6)+0,1) | D10: =DATE(YEAR(Assumptions!$B$6),MONTH(Assumptions!$B$6)+1,1) | E10: =DATE(YEAR(Assumptions!$B$6),MONTH(Assumptions!$B$6)+2,1) | F10: =DATE(YEAR(Assumptions!$B$6),MONTH(Assumptions!$B$6)+3,1) | G10: =DATE(YEAR(Assumptions!$B$6),MONTH(Assumptions!$B$6)+4,1) | H10: =DATE(YEAR(Assumptions!$B$6),MONTH(Assumptions!$B$6)+5,1) | I10: =DATE(YEAR(Assumptions!$B$6),MONTH(Assumptions!$B$6)+6,1) | J10: =DATE(YEAR(Assumptions!$B$6),MONTH(Assumptions!$B$6)+7,1) | K10: =DATE(YEAR(Assumptions!$B$6),MONTH(Assumptions!$B$6)+8,1) | L10: =DATE(YEAR(Assumptions!$B$6),MONTH(Assumptions!$B$6)+9,1) | M10: =DATE(YEAR(Assumptions!$B$6),MONTH(Assumptions!$B$6)+10,1) | N10: =DATE(YEAR(Assumptions!$B$6),MONTH(Assumptions!$B$6)+11,1)
A11: =IF(Assumptions!$A10="","",Assumptions!$A10) | B11: Units | C11: =IF(Assumptions!$A10="","",ROUND(Assumptions!$B10*(1+Assumptions!$D10)^0,0)) | D11: =IF(Assumptions!$A10="","",ROUND(Assumptions!$B10*(1+Assumptions!$D10)^1,0)) | E11: =IF(Assumptions!$A10="","",ROUND(Assumptions!$B10*(1+Assumptions!$D10)^2,0)) | F11: =IF(Assumptions!$A10="","",ROUND(Assumptions!$B10*(1+Assumptions!$D10)^3,0)) | G11: =IF(Assumptions!$A10="","",ROUND(Assumptions!$B10*(1+Assumptions!$D10)^4,0)) | H11: =IF(Assumptions!$A10="","",ROUND(Assumptions!$B10*(1+Assumptions!$D10)^5,0)) | I11: =IF(Assumptions!$A10="","",ROUND(Assumptions!$B10*(1+Assumptions!$D10)^6,0)) | J11: =IF(Assumptions!$A10="","",ROUND(Assumptions!$B10*(1+Assumptions!$D10)^7,0)) | K11: =IF(Assumptions!$A10="","",ROUND(Assumptions!$B10*(1+Assumptions!$D10)^8,0)) | L11: =IF(Assumptions!$A10="","",ROUND(Assumptions!$B10*(1+Assumptions!$D10)^9,0)) | M11: =IF(Assumptions!$A10="","",ROUND(Assumptions!$B10*(1+Assumptions!$D10)^10,0)) | N11: =IF(Assumptions!$A10="","",ROUND(Assumptions!$B10*(1+Assumptions!$D10)^11,0)) | O11: =IF(Assumptions!$A10="","",SUM($C11:$N11))
B12: Revenue | C12: =IF(Assumptions!$A10="","",C11*Assumptions!$C10*(1+Assumptions!$D$6)^INT(0/12)) | D12: =IF(Assumptions!$A10="","",D11*Assumptions!$C10*(1+Assumptions!$D$6)^INT(1/12)) | E12: =IF(Assumptions!$A10="","",E11*Assumptions!$C10*(1+Assumptions!$D$6)^INT(2/12)) | F12: =IF(Assumptions!$A10="","",F11*Assumptions!$C10*(1+Assumptions!$D$6)^INT(3/12)) | G12: =IF(Assumptions!$A10="","",G11*Assumptions!$C10*(1+Assumptions!$D$6)^INT(4/12)) | H12: =IF(Assumptions!$A10="","",H11*Assumptions!$C10*(1+Assumptions!$D$6)^INT(5/12)) | I12: =IF(Assumptions!$A10="","",I11*Assumptions!$C10*(1+Assumptions!$D$6)^INT(6/12)) | J12: =IF(Assumptions!$A10="","",J11*Assumptions!$C10*(1+Assumptions!$D$6)^INT(7/12)) | K12: =IF(Assumptions!$A10="","",K11*Assumptions!$C10*(1+Assumptions!$D$6)^INT(8/12)) | L12: =IF(Assumptions!$A10="","",L11*Assumptions!$C10*(1+Assumptions!$D$6)^INT(9/12)) | M12: =IF(Assumptions!$A10="","",M11*Assumptions!$C10*(1+Assumptions!$D$6)^INT(10/12)) | N12: =IF(Assumptions!$A10="","",N11*Assumptions!$C10*(1+Assumptions!$D$6)^INT(11/12)) | O12: =IF(Assumptions!$A10="","",SUM($C12:$N12))
A13: =IF(Assumptions!$A11="","",Assumptions!$A11) | B13: Units | C13: =IF(Assumptions!$A11="","",ROUND(Assumptions!$B11*(1+Assumptions!$D11)^0,0)) | D13: =IF(Assumptions!$A11="","",ROUND(Assumptions!$B11*(1+Assumptions!$D11)^1,0)) | E13: =IF(Assumptions!$A11="","",ROUND(Assumptions!$B11*(1+Assumptions!$D11)^2,0)) | F13: =IF(Assumptions!$A11="","",ROUND(Assumptions!$B11*(1+Assumptions!$D11)^3,0)) | G13: =IF(Assumptions!$A11="","",ROUND(Assumptions!$B11*(1+Assumptions!$D11)^4,0)) | H13: =IF(Assumptions!$A11="","",ROUND(Assumptions!$B11*(1+Assumptions!$D11)^5,0)) | I13: =IF(Assumptions!$A11="","",ROUND(Assumptions!$B11*(1+Assumptions!$D11)^6,0)) | J13: =IF(Assumptions!$A11="","",ROUND(Assumptions!$B11*(1+Assumptions!$D11)^7,0)) | K13: =IF(Assumptions!$A11="","",ROUND(Assumptions!$B11*(1+Assumptions!$D11)^8,0)) | L13: =IF(Assumptions!$A11="","",ROUND(Assumptions!$B11*(1+Assumptions!$D11)^9,0)) | M13: =IF(Assumptions!$A11="","",ROUND(Assumptions!$B11*(1+Assumptions!$D11)^10,0)) | N13: =IF(Assumptions!$A11="","",ROUND(Assumptions!$B11*(1+Assumptions!$D11)^11,0)) | O13: =IF(Assumptions!$A11="","",SUM($C13:$N13))
B14: Revenue | C14: =IF(Assumptions!$A11="","",C13*Assumptions!$C11*(1+Assumptions!$D$6)^INT(0/12)) | D14: =IF(Assumptions!$A11="","",D13*Assumptions!$C11*(1+Assumptions!$D$6)^INT(1/12)) | E14: =IF(Assumptions!$A11="","",E13*Assumptions!$C11*(1+Assumptions!$D$6)^INT(2/12)) | F14: =IF(Assumptions!$A11="","",F13*Assumptions!$C11*(1+Assumptions!$D$6)^INT(3/12)) | G14: =IF(Assumptions!$A11="","",G13*Assumptions!$C11*(1+Assumptions!$D$6)^INT(4/12)) | H14: =IF(Assumptions!$A11="","",H13*Assumptions!$C11*(1+Assumptions!$D$6)^INT(5/12)) | I14: =IF(Assumptions!$A11="","",I13*Assumptions!$C11*(1+Assumptions!$D$6)^INT(6/12)) | J14: =IF(Assumptions!$A11="","",J13*Assumptions!$C11*(1+Assumptions!$D$6)^INT(7/12)) | K14: =IF(Assumptions!$A11="","",K13*Assumptions!$C11*(1+Assumptions!$D$6)^INT(8/12)) | L14: =IF(Assumptions!$A11="","",L13*Assumptions!$C11*(1+Assumptions!$D$6)^INT(9/12)) | M14: =IF(Assumptions!$A11="","",M13*Assumptions!$C11*(1+Assumptions!$D$6)^INT(10/12)) | N14: =IF(Assumptions!$A11="","",N13*Assumptions!$C11*(1+Assumptions!$D$6)^INT(11/12)) | O14: =IF(Assumptions!$A11="","",SUM($C14:$N14))
A15: =IF(Assumptions!$A12="","",Assumptions!$A12) | B15: Units | C15: =IF(Assumptions!$A12="","",ROUND(Assumptions!$B12*(1+Assumptions!$D12)^0,0)) | D15: =IF(Assumptions!$A12="","",ROUND(Assumptions!$B12*(1+Assumptions!$D12)^1,0)) | E15: =IF(Assumptions!$A12="","",ROUND(Assumptions!$B12*(1+Assumptions!$D12)^2,0)) | F15: =IF(Assumptions!$A12="","",ROUND(Assumptions!$B12*(1+Assumptions!$D12)^3,0)) | G15: =IF(Assumptions!$A12="","",ROUND(Assumptions!$B12*(1+Assumptions!$D12)^4,0)) | H15: =IF(Assumptions!$A12="","",ROUND(Assumptions!$B12*(1+Assumptions!$D12)^5,0)) | I15: =IF(Assumptions!$A12="","",ROUND(Assumptions!$B12*(1+Assumptions!$D12)^6,0)) | J15: =IF(Assumptions!$A12="","",ROUND(Assumptions!$B12*(1+Assumptions!$D12)^7,0)) | K15: =IF(Assumptions!$A12="","",ROUND(Assumptions!$B12*(1+Assumptions!$D12)^8,0)) | L15: =IF(Assumptions!$A12="","",ROUND(Assumptions!$B12*(1+Assumptions!$D12)^9,0)) | M15: =IF(Assumptions!$A12="","",ROUND(Assumptions!$B12*(1+Assumptions!$D12)^10,0)) | N15: =IF(Assumptions!$A12="","",ROUND(Assumptions!$B12*(1+Assumptions!$D12)^11,0)) | O15: =IF(Assumptions!$A12="","",SUM($C15:$N15))
B16: Revenue | C16: =IF(Assumptions!$A12="","",C15*Assumptions!$C12*(1+Assumptions!$D$6)^INT(0/12)) | D16: =IF(Assumptions!$A12="","",D15*Assumptions!$C12*(1+Assumptions!$D$6)^INT(1/12)) | E16: =IF(Assumptions!$A12="","",E15*Assumptions!$C12*(1+Assumptions!$D$6)^INT(2/12)) | F16: =IF(Assumptions!$A12="","",F15*Assumptions!$C12*(1+Assumptions!$D$6)^INT(3/12)) | G16: =IF(Assumptions!$A12="","",G15*Assumptions!$C12*(1+Assumptions!$D$6)^INT(4/12)) | H16: =IF(Assumptions!$A12="","",H15*Assumptions!$C12*(1+Assumptions!$D$6)^INT(5/12)) | I16: =IF(Assumptions!$A12="","",I15*Assumptions!$C12*(1+Assumptions!$D$6)^INT(6/12)) | J16: =IF(Assumptions!$A12="","",J15*Assumptions!$C12*(1+Assumptions!$D$6)^INT(7/12)) | K16: =IF(Assumptions!$A12="","",K15*Assumptions!$C12*(1+Assumptions!$D$6)^INT(8/12)) | L16: =IF(Assumptions!$A12="","",L15*Assumptions!$C12*(1+Assumptions!$D$6)^INT(9/12)) | M16: =IF(Assumptions!$A12="","",M15*Assumptions!$C12*(1+Assumptions!$D$6)^INT(10/12)) | N16: =IF(Assumptions!$A12="","",N15*Assumptions!$C12*(1+Assumptions!$D$6)^INT(11/12)) | O16: =IF(Assumptions!$A12="","",SUM($C16:$N16))
A17: =IF(Assumptions!$A13="","",Assumptions!$A13) | B17: Units | C17: =IF(Assumptions!$A13="","",ROUND(Assumptions!$B13*(1+Assumptions!$D13)^0,0)) | D17: =IF(Assumptions!$A13="","",ROUND(Assumptions!$B13*(1+Assumptions!$D13)^1,0)) | E17: =IF(Assumptions!$A13="","",ROUND(Assumptions!$B13*(1+Assumptions!$D13)^2,0)) | F17: =IF(Assumptions!$A13="","",ROUND(Assumptions!$B13*(1+Assumptions!$D13)^3,0)) | G17: =IF(Assumptions!$A13="","",ROUND(Assumptions!$B13*(1+Assumptions!$D13)^4,0)) | H17: =IF(Assumptions!$A13="","",ROUND(Assumptions!$B13*(1+Assumptions!$D13)^5,0)) | I17: =IF(Assumptions!$A13="","",ROUND(Assumptions!$B13*(1+Assumptions!$D13)^6,0)) | J17: =IF(Assumptions!$A13="","",ROUND(Assumptions!$B13*(1+Assumptions!$D13)^7,0)) | K17: =IF(Assumptions!$A13="","",ROUND(Assumptions!$B13*(1+Assumptions!$D13)^8,0)) | L17: =IF(Assumptions!$A13="","",ROUND(Assumptions!$B13*(1+Assumptions!$D13)^9,0)) | M17: =IF(Assumptions!$A13="","",ROUND(Assumptions!$B13*(1+Assumptions!$D13)^10,0)) | N17: =IF(Assumptions!$A13="","",ROUND(Assumptions!$B13*(1+Assumptions!$D13)^11,0)) | O17: =IF(Assumptions!$A13="","",SUM($C17:$N17))
B18: Revenue | C18: =IF(Assumptions!$A13="","",C17*Assumptions!$C13*(1+Assumptions!$D$6)^INT(0/12)) | D18: =IF(Assumptions!$A13="","",D17*Assumptions!$C13*(1+Assumptions!$D$6)^INT(1/12)) | E18: =IF(Assumptions!$A13="","",E17*Assumptions!$C13*(1+Assumptions!$D$6)^INT(2/12)) | F18: =IF(Assumptions!$A13="","",F17*Assumptions!$C13*(1+Assumptions!$D$6)^INT(3/12)) | G18: =IF(Assumptions!$A13="","",G17*Assumptions!$C13*(1+Assumptions!$D$6)^INT(4/12)) | H18: =IF(Assumptions!$A13="","",H17*Assumptions!$C13*(1+Assumptions!$D$6)^INT(5/12)) | I18: =IF(Assumptions!$A13="","",I17*Assumptions!$C13*(1+Assumptions!$D$6)^INT(6/12)) | J18: =IF(Assumptions!$A13="","",J17*Assumptions!$C13*(1+Assumptions!$D$6)^INT(7/12)) | K18: =IF(Assumptions!$A13="","",K17*Assumptions!$C13*(1+Assumptions!$D$6)^INT(8/12)) | L18: =IF(Assumptions!$A13="","",L17*Assumptions!$C13*(1+Assumptions!$D$6)^INT(9/12)) | M18: =IF(Assumptions!$A13="","",M17*Assumptions!$C13*(1+Assumptions!$D$6)^INT(10/12)) | N18: =IF(Assumptions!$A13="","",N17*Assumptions!$C13*(1+Assumptions!$D$6)^INT(11/12)) | O18: =IF(Assumptions!$A13="","",SUM($C18:$N18))
A19: =IF(Assumptions!$A14="","",Assumptions!$A14) | B19: Units | C19: =IF(Assumptions!$A14="","",ROUND(Assumptions!$B14*(1+Assumptions!$D14)^0,0)) | D19: =IF(Assumptions!$A14="","",ROUND(Assumptions!$B14*(1+Assumptions!$D14)^1,0)) | E19: =IF(Assumptions!$A14="","",ROUND(Assumptions!$B14*(1+Assumptions!$D14)^2,0)) | F19: =IF(Assumptions!$A14="","",ROUND(Assumptions!$B14*(1+Assumptions!$D14)^3,0)) | G19: =IF(Assumptions!$A14="","",ROUND(Assumptions!$B14*(1+Assumptions!$D14)^4,0)) | H19: =IF(Assumptions!$A14="","",ROUND(Assumptions!$B14*(1+Assumptions!$D14)^5,0)) | I19: =IF(Assumptions!$A14="","",ROUND(Assumptions!$B14*(1+Assumptions!$D14)^6,0)) | J19: =IF(Assumptions!$A14="","",ROUND(Assumptions!$B14*(1+Assumptions!$D14)^7,0)) | K19: =IF(Assumptions!$A14="","",ROUND(Assumptions!$B14*(1+Assumptions!$D14)^8,0)) | L19: =IF(Assumptions!$A14="","",ROUND(Assumptions!$B14*(1+Assumptions!$D14)^9,0)) | M19: =IF(Assumptions!$A14="","",ROUND(Assumptions!$B14*(1+Assumptions!$D14)^10,0)) | N19: =IF(Assumptions!$A14="","",ROUND(Assumptions!$B14*(1+Assumptions!$D14)^11,0)) | O19: =IF(Assumptions!$A14="","",SUM($C19:$N19))
B20: Revenue | C20: =IF(Assumptions!$A14="","",C19*Assumptions!$C14*(1+Assumptions!$D$6)^INT(0/12)) | D20: =IF(Assumptions!$A14="","",D19*Assumptions!$C14*(1+Assumptions!$D$6)^INT(1/12)) | E20: =IF(Assumptions!$A14="","",E19*Assumptions!$C14*(1+Assumptions!$D$6)^INT(2/12)) | F20: =IF(Assumptions!$A14="","",F19*Assumptions!$C14*(1+Assumptions!$D$6)^INT(3/12)) | G20: =IF(Assumptions!$A14="","",G19*Assumptions!$C14*(1+Assumptions!$D$6)^INT(4/12)) | H20: =IF(Assumptions!$A14="","",H19*Assumptions!$C14*(1+Assumptions!$D$6)^INT(5/12)) | I20: =IF(Assumptions!$A14="","",I19*Assumptions!$C14*(1+Assumptions!$D$6)^INT(6/12)) | J20: =IF(Assumptions!$A14="","",J19*Assumptions!$C14*(1+Assumptions!$D$6)^INT(7/12)) | K20: =IF(Assumptions!$A14="","",K19*Assumptions!$C14*(1+Assumptions!$D$6)^INT(8/12)) | L20: =IF(Assumptions!$A14="","",L19*Assumptions!$C14*(1+Assumptions!$D$6)^INT(9/12)) | M20: =IF(Assumptions!$A14="","",M19*Assumptions!$C14*(1+Assumptions!$D$6)^INT(10/12)) | N20: =IF(Assumptions!$A14="","",N19*Assumptions!$C14*(1+Assumptions!$D$6)^INT(11/12)) | O20: =IF(Assumptions!$A14="","",SUM($C20:$N20))
A21: =IF(Assumptions!$A15="","",Assumptions!$A15) | B21: Units | C21: =IF(Assumptions!$A15="","",ROUND(Assumptions!$B15*(1+Assumptions!$D15)^0,0)) | D21: =IF(Assumptions!$A15="","",ROUND(Assumptions!$B15*(1+Assumptions!$D15)^1,0)) | E21: =IF(Assumptions!$A15="","",ROUND(Assumptions!$B15*(1+Assumptions!$D15)^2,0)) | F21: =IF(Assumptions!$A15="","",ROUND(Assumptions!$B15*(1+Assumptions!$D15)^3,0)) | G21: =IF(Assumptions!$A15="","",ROUND(Assumptions!$B15*(1+Assumptions!$D15)^4,0)) | H21: =IF(Assumptions!$A15="","",ROUND(Assumptions!$B15*(1+Assumptions!$D15)^5,0)) | I21: =IF(Assumptions!$A15="","",ROUND(Assumptions!$B15*(1+Assumptions!$D15)^6,0)) | J21: =IF(Assumptions!$A15="","",ROUND(Assumptions!$B15*(1+Assumptions!$D15)^7,0)) | K21: =IF(Assumptions!$A15="","",ROUND(Assumptions!$B15*(1+Assumptions!$D15)^8,0)) | L21: =IF(Assumptions!$A15="","",ROUND(Assumptions!$B15*(1+Assumptions!$D15)^9,0)) | M21: =IF(Assumptions!$A15="","",ROUND(Assumptions!$B15*(1+Assumptions!$D15)^10,0)) | N21: =IF(Assumptions!$A15="","",ROUND(Assumptions!$B15*(1+Assumptions!$D15)^11,0)) | O21: =IF(Assumptions!$A15="","",SUM($C21:$N21))
B22: Revenue | C22: =IF(Assumptions!$A15="","",C21*Assumptions!$C15*(1+Assumptions!$D$6)^INT(0/12)) | D22: =IF(Assumptions!$A15="","",D21*Assumptions!$C15*(1+Assumptions!$D$6)^INT(1/12)) | E22: =IF(Assumptions!$A15="","",E21*Assumptions!$C15*(1+Assumptions!$D$6)^INT(2/12)) | F22: =IF(Assumptions!$A15="","",F21*Assumptions!$C15*(1+Assumptions!$D$6)^INT(3/12)) | G22: =IF(Assumptions!$A15="","",G21*Assumptions!$C15*(1+Assumptions!$D$6)^INT(4/12)) | H22: =IF(Assumptions!$A15="","",H21*Assumptions!$C15*(1+Assumptions!$D$6)^INT(5/12)) | I22: =IF(Assumptions!$A15="","",I21*Assumptions!$C15*(1+Assumptions!$D$6)^INT(6/12)) | J22: =IF(Assumptions!$A15="","",J21*Assumptions!$C15*(1+Assumptions!$D$6)^INT(7/12)) | K22: =IF(Assumptions!$A15="","",K21*Assumptions!$C15*(1+Assumptions!$D$6)^INT(8/12)) | L22: =IF(Assumptions!$A15="","",L21*Assumptions!$C15*(1+Assumptions!$D$6)^INT(9/12)) | M22: =IF(Assumptions!$A15="","",M21*Assumptions!$C15*(1+Assumptions!$D$6)^INT(10/12)) | N22: =IF(Assumptions!$A15="","",N21*Assumptions!$C15*(1+Assumptions!$D$6)^INT(11/12)) | O22: =IF(Assumptions!$A15="","",SUM($C22:$N22))
A23: =IF(Assumptions!$A16="","",Assumptions!$A16) | B23: Units | C23: =IF(Assumptions!$A16="","",ROUND(Assumptions!$B16*(1+Assumptions!$D16)^0,0)) | D23: =IF(Assumptions!$A16="","",ROUND(Assumptions!$B16*(1+Assumptions!$D16)^1,0)) | E23: =IF(Assumptions!$A16="","",ROUND(Assumptions!$B16*(1+Assumptions!$D16)^2,0)) | F23: =IF(Assumptions!$A16="","",ROUND(Assumptions!$B16*(1+Assumptions!$D16)^3,0)) | G23: =IF(Assumptions!$A16="","",ROUND(Assumptions!$B16*(1+Assumptions!$D16)^4,0)) | H23: =IF(Assumptions!$A16="","",ROUND(Assumptions!$B16*(1+Assumptions!$D16)^5,0)) | I23: =IF(Assumptions!$A16="","",ROUND(Assumptions!$B16*(1+Assumptions!$D16)^6,0)) | J23: =IF(Assumptions!$A16="","",ROUND(Assumptions!$B16*(1+Assumptions!$D16)^7,0)) | K23: =IF(Assumptions!$A16="","",ROUND(Assumptions!$B16*(1+Assumptions!$D16)^8,0)) | L23: =IF(Assumptions!$A16="","",ROUND(Assumptions!$B16*(1+Assumptions!$D16)^9,0)) | M23: =IF(Assumptions!$A16="","",ROUND(Assumptions!$B16*(1+Assumptions!$D16)^10,0)) | N23: =IF(Assumptions!$A16="","",ROUND(Assumptions!$B16*(1+Assumptions!$D16)^11,0)) | O23: =IF(Assumptions!$A16="","",SUM($C23:$N23))
B24: Revenue | C24: =IF(Assumptions!$A16="","",C23*Assumptions!$C16*(1+Assumptions!$D$6)^INT(0/12)) | D24: =IF(Assumptions!$A16="","",D23*Assumptions!$C16*(1+Assumptions!$D$6)^INT(1/12)) | E24: =IF(Assumptions!$A16="","",E23*Assumptions!$C16*(1+Assumptions!$D$6)^INT(2/12)) | F24: =IF(Assumptions!$A16="","",F23*Assumptions!$C16*(1+Assumptions!$D$6)^INT(3/12)) | G24: =IF(Assumptions!$A16="","",G23*Assumptions!$C16*(1+Assumptions!$D$6)^INT(4/12)) | H24: =IF(Assumptions!$A16="","",H23*Assumptions!$C16*(1+Assumptions!$D$6)^INT(5/12)) | I24: =IF(Assumptions!$A16="","",I23*Assumptions!$C16*(1+Assumptions!$D$6)^INT(6/12)) | J24: =IF(Assumptions!$A16="","",J23*Assumptions!$C16*(1+Assumptions!$D$6)^INT(7/12)) | K24: =IF(Assumptions!$A16="","",K23*Assumptions!$C16*(1+Assumptions!$D$6)^INT(8/12)) | L24: =IF(Assumptions!$A16="","",L23*Assumptions!$C16*(1+Assumptions!$D$6)^INT(9/12)) | M24: =IF(Assumptions!$A16="","",M23*Assumptions!$C16*(1+Assumptions!$D$6)^INT(10/12)) | N24: =IF(Assumptions!$A16="","",N23*Assumptions!$C16*(1+Assumptions!$D$6)^INT(11/12)) | O24: =IF(Assumptions!$A16="","",SUM($C24:$N24))
A25: =IF(Assumptions!$A17="","",Assumptions!$A17) | B25: Units | C25: =IF(Assumptions!$A17="","",ROUND(Assumptions!$B17*(1+Assumptions!$D17)^0,0)) | D25: =IF(Assumptions!$A17="","",ROUND(Assumptions!$B17*(1+Assumptions!$D17)^1,0)) | E25: =IF(Assumptions!$A17="","",ROUND(Assumptions!$B17*(1+Assumptions!$D17)^2,0)) | F25: =IF(Assumptions!$A17="","",ROUND(Assumptions!$B17*(1+Assumptions!$D17)^3,0)) | G25: =IF(Assumptions!$A17="","",ROUND(Assumptions!$B17*(1+Assumptions!$D17)^4,0)) | H25: =IF(Assumptions!$A17="","",ROUND(Assumptions!$B17*(1+Assumptions!$D17)^5,0)) | I25: =IF(Assumptions!$A17="","",ROUND(Assumptions!$B17*(1+Assumptions!$D17)^6,0)) | J25: =IF(Assumptions!$A17="","",ROUND(Assumptions!$B17*(1+Assumptions!$D17)^7,0)) | K25: =IF(Assumptions!$A17="","",ROUND(Assumptions!$B17*(1+Assumptions!$D17)^8,0)) | L25: =IF(Assumptions!$A17="","",ROUND(Assumptions!$B17*(1+Assumptions!$D17)^9,0)) | M25: =IF(Assumptions!$A17="","",ROUND(Assumptions!$B17*(1+Assumptions!$D17)^10,0)) | N25: =IF(Assumptions!$A17="","",ROUND(Assumptions!$B17*(1+Assumptions!$D17)^11,0)) | O25: =IF(Assumptions!$A17="","",SUM($C25:$N25))
B26: Revenue | C26: =IF(Assumptions!$A17="","",C25*Assumptions!$C17*(1+Assumptions!$D$6)^INT(0/12)) | D26: =IF(Assumptions!$A17="","",D25*Assumptions!$C17*(1+Assumptions!$D$6)^INT(1/12)) | E26: =IF(Assumptions!$A17="","",E25*Assumptions!$C17*(1+Assumptions!$D$6)^INT(2/12)) | F26: =IF(Assumptions!$A17="","",F25*Assumptions!$C17*(1+Assumptions!$D$6)^INT(3/12)) | G26: =IF(Assumptions!$A17="","",G25*Assumptions!$C17*(1+Assumptions!$D$6)^INT(4/12)) | H26: =IF(Assumptions!$A17="","",H25*Assumptions!$C17*(1+Assumptions!$D$6)^INT(5/12)) | I26: =IF(Assumptions!$A17="","",I25*Assumptions!$C17*(1+Assumptions!$D$6)^INT(6/12)) | J26: =IF(Assumptions!$A17="","",J25*Assumptions!$C17*(1+Assumptions!$D$6)^INT(7/12)) | K26: =IF(Assumptions!$A17="","",K25*Assumptions!$C17*(1+Assumptions!$D$6)^INT(8/12)) | L26: =IF(Assumptions!$A17="","",L25*Assumptions!$C17*(1+Assumptions!$D$6)^INT(9/12)) | M26: =IF(Assumptions!$A17="","",M25*Assumptions!$C17*(1+Assumptions!$D$6)^INT(10/12)) | N26: =IF(Assumptions!$A17="","",N25*Assumptions!$C17*(1+Assumptions!$D$6)^INT(11/12)) | O26: =IF(Assumptions!$A17="","",SUM($C26:$N26))
A27: Total revenue | C27: =SUMIF($B$11:$B$26,"Revenue",C$11:C$26) | D27: =SUMIF($B$11:$B$26,"Revenue",D$11:D$26) | E27: =SUMIF($B$11:$B$26,"Revenue",E$11:E$26) | F27: =SUMIF($B$11:$B$26,"Revenue",F$11:F$26) | G27: =SUMIF($B$11:$B$26,"Revenue",G$11:G$26) | H27: =SUMIF($B$11:$B$26,"Revenue",H$11:H$26) | I27: =SUMIF($B$11:$B$26,"Revenue",I$11:I$26) | J27: =SUMIF($B$11:$B$26,"Revenue",J$11:J$26) | ... N27: =SUMIF($B$11:$B$26,"Revenue",N$11:N$26) | O27: =SUM($C$27:$N$27)

Sheet Actuals
A1: FORECIX · Sales Forecast | F1: sheetorial.com
A3: Actuals vs forecast
A4: Type real revenue each month as it closes. Variance shows how far off the forecast was.
A9: Month | B9: Forecast | C9: Actual | D9: Variance | E9: Variance % | F9: Cumulative variance
A10: =Forecast!C$10 | B10: =Forecast!C$27 | C10: 8650 | D10: =IF($C10="","",$C10-$B10) | E10: =IF($C10="","",IFERROR($D10/$B10,0)) | F10: =IF($C10="","",SUM($D$10:$D10))
A11: =Forecast!D$10 | B11: =Forecast!D$27 | C11: 9240 | D11: =IF($C11="","",$C11-$B11) | E11: =IF($C11="","",IFERROR($D11/$B11,0)) | F11: =IF($C11="","",SUM($D$10:$D11))
A12: =Forecast!E$10 | B12: =Forecast!E$27 | C12: 9180 | D12: =IF($C12="","",$C12-$B12) | E12: =IF($C12="","",IFERROR($D12/$B12,0)) | F12: =IF($C12="","",SUM($D$10:$D12))
A13: =Forecast!F$10 | B13: =Forecast!F$27 | D13: =IF($C13="","",$C13-$B13) | E13: =IF($C13="","",IFERROR($D13/$B13,0)) | F13: =IF($C13="","",SUM($D$10:$D13))
A14: =Forecast!G$10 | B14: =Forecast!G$27 | D14: =IF($C14="","",$C14-$B14) | E14: =IF($C14="","",IFERROR($D14/$B14,0)) | F14: =IF($C14="","",SUM($D$10:$D14))
A15: =Forecast!H$10 | B15: =Forecast!H$27 | D15: =IF($C15="","",$C15-$B15) | E15: =IF($C15="","",IFERROR($D15/$B15,0)) | F15: =IF($C15="","",SUM($D$10:$D15))
A16: =Forecast!I$10 | B16: =Forecast!I$27 | D16: =IF($C16="","",$C16-$B16) | E16: =IF($C16="","",IFERROR($D16/$B16,0)) | F16: =IF($C16="","",SUM($D$10:$D16))
A17: =Forecast!J$10 | B17: =Forecast!J$27 | D17: =IF($C17="","",$C17-$B17) | E17: =IF($C17="","",IFERROR($D17/$B17,0)) | F17: =IF($C17="","",SUM($D$10:$D17))
A18: =Forecast!K$10 | B18: =Forecast!K$27 | D18: =IF($C18="","",$C18-$B18) | E18: =IF($C18="","",IFERROR($D18/$B18,0)) | F18: =IF($C18="","",SUM($D$10:$D18))
A19: =Forecast!L$10 | B19: =Forecast!L$27 | D19: =IF($C19="","",$C19-$B19) | E19: =IF($C19="","",IFERROR($D19/$B19,0)) | F19: =IF($C19="","",SUM($D$10:$D19))
A20: =Forecast!M$10 | B20: =Forecast!M$27 | D20: =IF($C20="","",$C20-$B20) | E20: =IF($C20="","",IFERROR($D20/$B20,0)) | F20: =IF($C20="","",SUM($D$10:$D20))
A21: =Forecast!N$10 | B21: =Forecast!N$27 | D21: =IF($C21="","",$C21-$B21) | E21: =IF($C21="","",IFERROR($D21/$B21,0)) | F21: =IF($C21="","",SUM($D$10:$D21))
